Workbook

Sheet Гриб_32
B1: Онлайн касса | C1: Наценка | D1: Затраты на персонал | E1: аренда | F1: ЭЭ | G1: прочие затраты | H1: Затраты закуп | I1: налоги персонал | J1: Патент | K1: Эквайринг | L1: Интернет | M1: Охрана | N1: Бухг | O1: аппар | P1: Общие затраты | Q1: Прибыль | R1: 0.7
A2: 45658 | B2: 1303602 | C2: 430572 | D2: 156050 | E2: 100000 | F2: 26466.26 | G2: =Прочие!C111 -> 28900 | H2: =B2-C2 -> 873030 | I2: 19000 | J2: 2085 | K2: 16598.94 | L2: 2600 | M2: 3000 | N2: 2850 | O2: 12000 | P2: =SUM(D2:N2) -> 1230580.2 | Q2: =B2-P2+O2 -> 85021.8 | R2: =Q2*0.7 -> 59515.26
A3: 45689 | B3: 1192705 | C3: 390179 | D3: 137295 | E3: 100000 | F3: 25026.3 | G3: =Прочие!C117 -> 1000 | H3: =B3-C3 -> 802526 | I3: 19000 | J3: 2085 | K3: 18529.21 | L3: 2600 | M3: 3000 | N3: 2850 | O3: 12000 | P3: =SUM(D3:N3) -> 1113911.5 | Q3: =B3-P3+O3 -> 90793.49 | R3: =Q3*0.7 -> 63555.443
A4: 45717 | B4: 1267086 | C4: 397224 | D4: 158210 | E4: 100000 | F4: 25472.23 | G4: =Прочие!C123 -> 35200 | H4: =B4-C4 -> 869862 | I4: 19000 | J4: 2085 | K4: 25620.33 | L4: 2600 | M4: 3000 | N4: 2850 | O4: 12000 | P4: =SUM(D4:N4) -> 1243899.6 | Q4: =B4-P4+O4 -> 35186.44 | R4: =Q4*0.7 -> 24630.508
A5: 45748 | B5: 1458187 | C5: 493361 | D5: 152420 | E5: 100000 | F5: 25856.77 | G5: =Прочие!C129 -> 5800 | H5: =B5-C5 -> 964826 | I5: 19000 | J5: 2085 | K5: 18529.21 | L5: 2600 | M5: 3000 | N5: 2850 | O5: 12000 | P5: =SUM(D5:N5) -> 1296967 | Q5: =B5-P5+O5 -> 173220.02 | R5: =Q5*0.7 -> 121254.01
A6: 45778 | B6: 1800321 | C6: 620600 | D6: 159870 | E6: 100000 | F6: 24937.91 | G6: =Прочие!C135 -> 5800 | H6: =B6-C6 -> 1179721 | I6: 19000 | J6: 2085 | K6: 25620.33 | L6: 2600 | M6: 3000 | N6: 2850 | O6: 12000 | P6: =SUM(D6:N6) -> 1525484.2 | Q6: =B6-P6+O6 -> 286836.76 | R6: =Q6*0.7 -> 200785.73
A7: 45809 | B7: 2040844 | C7: 700246 | D7: 147300 | E7: 100000 | F7: 29673.58 | G7: =Прочие!C142 -> 27800 | H7: =B7-C7 -> 1340598 | I7: 19000 | J7: 2085 | K7: 28669 | L7: 2600 | M7: 3000 | N7: 2850 | O7: 12000 | P7: =SUM(D7:N7) -> 1703575.6 | Q7: =B7-P7+O7 -> 349268.42 | R7: =Q7*0.7 -> 244487.89
A8: 45839 | B8: 2004849 | C8: 661393 | D8: 158670 | E8: 100000 | F8: 34349 | G8: =Прочие!C149 -> 8800 | H8: =B8-C8 -> 1343456 | I8: 19000 | J8: 2085 | K8: 25620.33 | L8: 2600 | M8: 3000 | N8: 2850 | O8: 12000 | P8: =SUM(D8:N8) -> 1700430.3 | Q8: =B8-P8+O8 -> 316418.67 | R8: =Q8*0.7 -> 221493.07
A9: 45870 | B9: 1886125 | C9: 632539 | D9: 156380 | E9: 100000 | F9: 27659 | G9: =Прочие!C154 -> 5800 | H9: =B9-C9 -> 1253586 | I9: 19000 | J9: 2085 | K9: 26262 | L9: 2600 | M9: 3000 | N9: 2850 | O9: 12000 | P9: =SUM(D9:N9) -> 1599222 | Q9: =B9-P9+O9 -> 298903 | R9: =Q9*0.7 -> 209232.1
Q10: среднее 6 месяцев | R10: =AVERAGE(R4:R9) -> 170313.89
Q11: Цена | R11: 3500000 | S11: В бизнес входит ТО на 1,5 млн
Q12: Окупаемость | R12: =R11/R10 -> 20.550291

Sheet Прочие
A1: Наименование | B1: Дата | C1: Сумма
A3: накатка смена ИП инф стенд и дверь | B3: 45264 | C3: 1000
A4: монтаж кран балтика | B4: 45264 | C4: 200
A5: оплата сабтотал | B5: 45274 | C5: 1800
A6: промывка балтика | B6: 45280 | C6: 200
A7: оплата сабтотал ЕГАИС | B7: 45281 | C7: 433
A8: ветуправление выезд для Меркурия | B8: 45281 | C8: 2400
A9: средство для стекол | B9: 45282 | C9: 70
A11: итого дек 23 | C11: =SUM(C2:C10) -> 6103
A13: тетради | B13: 45292 | C13: 133
A14: промывка балтика | B14: 45299 | C14: 200
A15: уралспецгаз | B15: 45300 | C15: 14200
A16: оплата сабтотал | B16: 45301 | C16: 1800
A17: ремонт холодильника | B17: 45307 | C17: 1000
A18: пакеты | B18: 45322 | C18: 992
A20: итого янв 24 | C20: =SUM(C12:C19) -> 18325
A22: уралспецгаз | B22: 45341 | C22: 4600
A24: итого февр 24 | C24: =SUM(C21:C23) -> 4600
A26: промывка балтика | B26: 45352 | C26: 200
A27: хозтовары | B27: 45355 | C27: 819
A28: поздравление 8 марта | B28: 45356 | C28: 2000
A29: хозтовары | B29: 45362 | C29: 1054
A30: уралспецгаз | B30: 45363 | C30: 3900
A31: хозтовары | B31: 45369 | C31: 1100
A32: промывка балтика | B32: 45372 | C32: 300
A33: хозтовары | B33: 45376 | C33: 630
A35: итого март 24 | C35: =SUM(C26:C34) -> 10003
A37: уралспецгаз | B37: 45383 | C37: 3900
A38: хозтовары | B38: 45383 | C38: 1129
A39: промывка балтика | B39: 45385 | C39: 200
A40: 2 урны вх группа | B40: 45395 | C40: 4012
A41: хозтовары | B41: 45396 | C41: 646
A43: итого апрель 24 | C43: =SUM(C36:C42) -> 9887
A45: урны и установка | B45: 45417 | C45: 2540
A46: уралспецгаз | B46: 45420 | C46: 4300
A47: чистка радиаторов рыбные витрины | B47: 45425 | C47: 3000
A48: оплата сабтотал | B48: 45426 | C48: 4100
A49: ремонт унитаза | B49: 45430 | C49: 500
A50: замена ФН и ОФД | B50: 45432 | C50: 17490
A51: промывка балтика | B51: 45433 | C51: 200
A53: итого мая 24 | C53: =SUM(C44:C52) -> 32130
A55: промывка балтика | B55: 45449 | C55: 200
A56: ремонт холодильников | B56: 45449 | C56: 3500
A57: Метла уличная | B57: 45472 | C57: 600
A59: итого июнь 24 | C59: =SUM(C54:C58) -> 4300
A61: промывка балтика | B61: 45482 | C61: 300
A62: ремонт витрины | B62: 45483 | C62: 3500
A63: углекислота | B63: 45485 | C63: 4800
A64: промывка балтика | B64: 45498 | C64: 400
A65: чистка радиаторов рыбные витрины | B65: 45502 | C65: 3000
A67: итого июль 24 | C67: =SUM(C60:C66) -> 12000
A69: Замена ламп торговый зал 8 шт (работа + материалы) | B69: 45507 | C69: 12000
A70: промывка балтика | B70: 45513 | C70: 400
A71: Чистка блока сплит-системы | B71: 45521 | C71: 1000
A72: Углекислота | B72: 45525 | C72: 5400
A73: ремонт холодильной витрины рыбной | B73: 45526 | C73: 4000
A74: весы для снековой продукции | B74: 45527 | C74: 4000
A75: оплата сабтотал | B75: 45535 | C75: 4100
A77: итого август 24 | C77: =SUM(C68:C76) -> 30900
A79: Хоз товары | B79: 45537 | C79: 3566
A80: промывка балтика | B80: 45545 | C80: 400
A81: сиропы и дозаторы | B81: 45548 | C81: 2000
A82: Настройка ЕГАИС | B82: 45555 | C82: 5000
A83: Хоз товары | B83: 45558 | C83: 1478
A84: промывка балтика | B84: 45561 | C84: 500
A85: чистка радиаторов рыбные витрины | B85: 45564 | C85: 3000
A86: корзинка для переноски бутылок | B86: 45564 | C86: 400
A88: итого сент 24 | C88: =SUM(C78:C87) -> 16344
A90: промывка балтика | B90: 45580 | C90: 400
A91: Размещение вакансий | B91: 45595 | C91: 2370
A93: итого окт 24 | C93: =SUM(C89:C92) -> 2770
A95: промывка балтика | B95: 45604 | C95: 500
A96: промывка балтика | B96: 45616 | C96: 500
A97: метла уличная | B97: 45626 | C97: 600
A99: итого нояб 24 | C99: =SUM(C94:C98) -> 1600
A101: промывка балтика | C101: 500
A102: промывка балтика | C102: 500
A103: оплата сабтотал | C103: 4100
A105: итого дек 24 | C105: =SUM(C100:C104) -> 5100
A107: промывка балтика | C107: 500
A108: промывка балтика | C108: 500
A109: оплата тензор на год | C109: 27900
A111: итого янв 25 | C111: =SUM(C106:C110) -> 28900
A113: промывка балтика | C113: 500
A114: промывка балтика | C114: 500
A117: итого февр 25 | C117: =SUM(C112:C116) -> 1000
A119: промывка балтика | C119: 500
A120: промывка балтика | C120: 500
A121: поставка газа с окт 24 - март 25 | C121: 34200
A123: итого март 25 | C123: =SUM(C118:C122) -> 35200
A125: промывка балтика | C125: 500
A126: промывка балтика | C126: 500
A127: поставка газа с апр 25 | C127: 4800
A129: итого апрель 25 | C129: =SUM(C124:C128) -> 5800
A131: промывка балтика | C131: 500
A132: промывка балтика | C132: 500
A133: поставка газа с апр 25 | C133: 4800
A135: итогомай 25 | C135: =SUM(C130:C134) -> 5800
A137: промывка балтика | C137: 500
A138: промывка балтика | C138: 500
...
